AoeStats
← Crazy_Owl

Four Lakes

509348125Analyzed
1v1 RM · 6d ago on Sep 26, 2026· 39m 4s· 2 players
Game mode
Random Map
Map size
Tiny (2 player)
Population
200
Speed
Normal
Resources
Standard
Victory
Conquest
Starting age
Dark Age
Ending age
Imperial Age
RankedLock teamsTeams togetherTeam positionsShared explorationLock speedFull tech treeHidden civsTurbo modeCheats
Victory
Defeat
🇨🇳 Wei · China
886
+17
🇳🇱 Goths · Netherlands
917
-17
风清扬
0:37 Loom
13:10 Feudal Age
13:24 Man-at-Arms
18:50 Horse Collar
19:03 Double-Bit Axe
23:37 Castle Age
22:57 Gold Mining
23:00 Stone Mining
26:38 Bow Saw
25:53 Long Swordsman
29:25 Gold Shaft Mining
31:52 Bloodlines
31:50 Scale Barding Armor
31:35 Fletching
32:40 Stone Shaft Mining
32:07 Heavy Plow
37:43 Imperial Age
37:58 Bodkin Arrow
38:14 Forging
38:05 Scale Mail Armor
39:16 Chain Barding Armor
38:56 Padded Archer Armor
38:57 Bracer
Crazy_Owl
10:07 Feudal Age
10:44 Double-Bit Axe
11:57 Loom
12:58 Wheelbarrow
17:33 Castle Age
15:46 Man-at-Arms
18:09 Long Swordsman
19:15 Horse Collar
20:07 Scale Mail Armor
20:57 Fishing Lines
22:20 Gillnets
24:53 Heavy Plow
26:46 Bow Saw
26:39 Pikeman
27:36 Forging
28:52 Fletching
32:26 Chain Mail Armor
32:41 Squires
34:42 Iron Casting
34:03 Bodkin Arrow
Connection lost

Rejoining the realm…

Still unreachable

The connection could not be restored.

Session expired

The server has moved on; the page needs a fresh start.